 Dungeon Crawl Stone Soup version 0.30-a0-469-g84de5afbc5 (webtiles) character file.

Game seed: 1886732980280835780

262 tilp the Shield-Bearer (level 6, -2/52 HPs)
             Began as a Meteoran Fighter on Dec 19, 2022.
             Slain by a gnoll
             ... wielding a +0 spear
              (5 damage)
             ... on level 5 of the Dungeon.
             The game lasted 00:04:44 (1075 turns).

tilp the Shield-Bearer (Meteoran Fighter)           Turns: 1075, Time: 00:04:45

Health: -2/52      AC:  7    Str: 18    XL:     6   Next: 70%
Magic:  7/7        EV: 11    Int: 10    God:
Gold:   155        SH:  5    Dex: 15    Spells: 5/5 levels left

rFire   . . .      SeeInvis .    a - +0 long sword
rCold   . . .      Faith    .    c - +0 buckler
rNeg    . . .      Spirit   .    b - +0 scale mail
rPois   .          Reflect  .    (no helmet)
rElec   .          Harm     .    (no cloak)
rCorr   .          Rampage  .    (no gloves)
Will    .....                    (no boots)
Stlth   +.........               (no amulet)
HPRegen 0.28/turn                (no ring)
MPRegen 0.10/turn                (no ring)

@: glowing
A: sense surroundings 1, otherworldly, glowing, explore regen
a: no special abilities


You were on level 5 of the Dungeon.
You visited 1 branch of the dungeon, and saw 5 of its levels.

You collected 155 gold pieces.

Inventory:

Hand Weapons
 a - a +0 long sword (weapon)
Missiles
 j - 4 datura-tipped darts (quivered)
 m - 6 atropa-tipped darts
Armour
 b - a +0 scale mail (worn)
 c - a +0 buckler (worn)
Scrolls
 g - a scroll of magic mapping {unknown}
 h - a scroll of noise {unknown}
 l - a scroll of brand weapon {unknown}
Potions
 d - a potion of resistance
 e - 2 potions of lignification
 f - a potion of flight
 i - 2 potions of curing {unknown}
 k - a potion of invisibility {unknown}


   Skills:
 + Level 4.0 Fighting
 + Level 4.0 Long Blades
 + Level 0.1 Throwing
 - Level 4.0 Armour
 + Level 4.0 Dodging
 + Level 2.0 Stealth
 - Level 4.0 Shields


You had 5 spell levels left.
You didn't know any spells.
Your spell library contained the following spells:

 Spells                   Type           Power      Damage    Failure   Level
 Kiss of Death            Conj/Necr      0%         2d5       83%         1
 Momentum Strike          Conj/Tloc      0%         3d8       92%         2
 Searing Ray              Conj           0%         2d4       92%         2
 Confusing Touch          Hex            0%         N/A       99%         3
 Ozocubu's Armour         Ice            0%         N/A       99%         3
 Dispel Undead            Necr           0%         3d6       100%        4
 Sticky Flame             Conj/Fire      0%         2d3       100%        4
 Lehudib's Crystal Spear  Conj/Erth      0%         10d2      100%        8


Dungeon Overview and Level Annotations

Branches:
Dungeon (5/15) Zot: 1881
 Temple: D:4-7

Altars:


Innate Abilities, Weirdness & Mutations

You passively map a small area around you.
You are easily found by Zot.
You glow in the dark.
You regain HP and MP as you explore.


Message History

The gnoll hits you from afar with a +0 spear.
The gnoll hits you but does no damage. The gnoll hits you with a +0 spear.
The gnoll closely misses you.
You slash the gnoll!
The gnoll is severely wounded.
You block the gnoll's attack. The gnoll closely misses you.
A necrophage comes into view.
You barely miss the gnoll.
The gnoll is severely wounded.
The gnoll hits you with a +0 spear.
The gnoll hits you from afar with a +0 spear.
You hit the gnoll.
The gnoll is almost dead.
You block the gnoll's attack. The gnoll hits you with a +0 spear.
You closely miss the gnoll.
The gnoll is almost dead.
The gnoll hits you from afar with a +0 spear!
The gnoll hits you with a +0 spear. x2
* * * LOW HITPOINT WARNING * * *
You block the gnoll's attack.
Unknown command.
The gnoll attacks as you move away! The gnoll hits you with a +0 spear!
* * * LOW HITPOINT WARNING * * *
The gnoll hits you but does no damage. The gnoll barely misses you.
The gnoll hits you from afar with a +0 spear.
* * * LOW HITPOINT WARNING * * *
Things that are here:
a +0 spear; a gnoll corpse You hit the gnoll.
You kill the gnoll!
The gnoll hits you from afar with a +0 spear!
* * * LOW HITPOINT WARNING * * *
You barely miss the necrophage. The gnoll hits you but does no damage.
The necrophage hits you.
* * * LOW HITPOINT WARNING * * *
You hit the necrophage.
The necrophage is lightly damaged.
The gnoll hits you from afar with a +0 spear.
You die...

* * , * * ## * ,
.. ######## #,###.
#......# * #.#.#.
#.####.# ##.....
#.# #<# *
.......####.####.#
,
#....gn@........#
#.....####.###..#
#.#.#. #.# #..# ..
.. #.# #..# * ##
+##* #..,...# * *
#####.## * , #. ,
, * * .. * , , ,,
* * .. ,


You could see a necrophage and a gnoll.

Vanquished Creatures
  A scorpion (D:4)
  A hound (D:4)
  A jelly (D:4)
  An orc priest (D:4)
  An orc wizard (D:4)
  2 gnolls (D:5)
  4 adders (D:4)
  A dart slug (D:4)
  2 orcs (D:4)
  A bat (D:1)
  7 endoplasms
  2 giant cockroaches (D:4)
  4 goblins
  3 hobgoblins
  5 kobolds
  5 ball pythons
  2 rats
43 creatures vanquished.

Notes
Turn   | Place    | Note
-------+----------+-------------------------------------------
     0 | D:1      | tilp the Meteoran Fighter began the quest for the Orb.
     0 | D:1      | Reached XP level 1. HP: 19/19 MP: 2/2
    38 | D:1      | Reached XP level 2. HP: 26/26 MP: 3/3
    65 | D:1      | Reached skill level 1 in Dodging
   145 | D:2      | Reached XP level 3. HP: 27/31 MP: 4/4
   247 | D:3      | You fall into a shaft and drop 1 floor!
   257 | D:4      | Noticed a scorpion
   272 | D:4      | Killed a scorpion
   273 | D:4      | Reached XP level 4. HP: 19/40 MP: 5/5
   320 | D:4      | Reached XP level 5. HP: 35/46 MP: 6/6
   375 | D:4      | Reached skill level 1 in Stealth
   388 | D:5      | Entered Level 5 of the Dungeon
   412 | D:3      | Got the Directory of Glaciation and Blasts
   486 | D:4      | Reached XP level 6. HP: 15/52 MP: 7/7
  1075 | D:5      | Slain by a gnoll

Illustrated notes

Levels and vault maps discovered:
D:1:      lightli_arrival_quake, layout_basic, serial_shops,
          nicolae_shop_hallway_plus
D:2:      layout_basic, serial_undead, serial_undead_b, serial_undead_c,
          serial_undead_c, serial_undead_e, serial_undead_f, serial_undead_e,
          serial_shops, shop_fountains, uniq_jessica
D:3:      layout_basic, chequers_ecumenical_altar_island
D:4:      layout_basic, minmay_diced_spiral
D:5:      layout_loops_corners, hellmonk_ghost_happy_afterlife,
          minmay_misc_feat_four_crosses

Skill      XL: |  1  2  3  4  5  6 |
---------------+-------------------+-----
Dodging        | 1 2 3 4 |  4.0
Long Blades    | 3 4 |  4.0
Armour         | 4 |  4.0
Shields        | 4 |  4.0
Stealth        | 1 2 |  2.0
Fighting       | 4 |  4.0
Throwing       | |  0.1

Action                   |  1- 3 |  4- 6 || total
-------------------------+-------+-------++-------
Melee: Long sword        |    42 |   106 ||   148
  Use: Potion            |     1 |       ||     1
       Scroll            |       |     3 ||     3
Armor: Scale mail        |    20 |    60 ||    80
Dodge: Dodged            |    12 |    70 ||    82
Block: Buckler           |     4 |    36 ||    40

Table legend: (Time is in decaauts)
 A = Elapsed time spent in this place.
 B = Non-inter-level travel time spent in this place.
 C = Inter-level travel time spent in this place.
 D = Time resting spent in this place.
 E = Time spent auto-exploring this place.
 F = Levels seen in this place.
 G = Mean time per level.
                   A        B        C        D        E       F      G
               +--------+--------+--------+--------+--------+-----+--------+
         Total |   1117 |    936 |    181 |      0 |      0 |   5 |  223.4 |
       Dungeon |   1117 |    936 |    181 |      0 |      0 |   5 |  223.4 |
               +--------+--------+--------+--------+--------+-----+--------+

Top non-repeatable levels by time:
     D:4: 774 daAuts
     D:2: 112 daAuts
     D:1: 91 daAuts
     D:3: 91 daAuts
     D:5: 48 daAuts
